 Dungeon Crawl Stone Soup version 0.32-a0-660-g97ce250 (webtiles) character file.

Game seed: 12936505185755038338

2485 Ray the Carver (level 9, -9/64 HPs)
             Began as a Coglin Warper on Mar 8, 2024.
             Killed from afar by a gargoyle (20 damage)
             ... with a stone arrow
             ... in a bailey.
             The game lasted 00:09:54 (6332 turns).

Ray the Carver (Coglin Warper)                      Turns: 6332, Time: 00:09:54

Health: -9/64      AC:  6    Str: 11    XL:     9   Next: 52%
Magic:  13/14      EV: 12    Int: 13    God:
Gold:   315        SH:  0    Dex: 18    Spells: 6/14 levels left

rFire   . . .        a - +0 falchion {Minoru}
rCold   . . .        o - +1 long sword {Isolde}
rNeg    . . .        b - +0 leather armour
rPois   .            j - +0 helmet
rElec   .            f - +0 cloak
rCorr   .            (no gloves)
SInv    .            n - +0 pair of boots
Will    .....        (amulet unavailable)
Stlth   +            (ring unavailable)
HPRegen 0.30/turn    (ring unavailable)
MPRegen 0.14/turn    (no gizmo)

%: no passive effects
@: attractive, revved
A: off-hand wielding, slow wielding, warmup strikes, no jewellery
a: Invent Gizmo


You were in a bailey.
You visited 2 branches of the dungeon, and saw 8 of its levels.
You also visited: Bailey.

You collected 405 gold pieces.
You spent 90 gold pieces at shops.

Inventory:

Hand Weapons
 a - a +0 falchion (weapon) {Minoru}
 o - a +1 long sword (offhand) {Isolde}
Missiles
 c - 8 poisoned darts (quivered)
 d - 2 darts of dispersal
Armour
 b - a +0 leather armour (worn)
 f - a +0 cloak (worn)
 j - a +0 helmet (worn)
 n - a +0 pair of boots (worn)
Wands
 h - a wand of flame (2)
 k - a wand of polymorph (2)
 p - a wand of charming (26)
Scrolls
 m - a scroll of teleportation
Potions
 g - 2 potions of cancellation
 l - 2 potions of brilliance
 s - a potion of enlightenment


   Skills:
 + Level 3.2 Fighting
 * Level 10.6 Long Blades
 - Level 0.8 Throwing
 - Level 0.8 Armour
 + Level 2.7 Dodging
 * Level 3.4 Spellcasting
 * Level 4.7 Translocations
 - Level 4.0 Evocations


You had 6 spell levels left.
You knew the following spells:

 Your Spells              Type           Power      Damage    Failure   Level
a - Blink                 Tloc           28%        N/A       6%          2
b - Lesser Beckoning      Tloc           28%        N/A       6%          2
c - Manifold Assault      Tloc           14%        N/A       38%         4

Your spell library contained the following spells:

 Spells                   Type           Power      Damage    Failure   Level
 Teleport Other           Tloc           14%        N/A       13%         3
 Shock                    Conj/Air       8%         1d3       28%         1
 Volatile Blastmotes      Fire/Tloc      16%        2d11      32%         3
 Static Discharge         Conj/Air       4%         3-4/arc   41%         2
 Dazzling Flash           Conj/Hex       4%         N/A       65%         3
 Inner Flame              Hex/Fire       2%         N/A       65%         3
 Summon Ice Beast         Ice/Summ       2%         N/A       65%         3
 Vhi's Electric Charge    Tloc/Air       16%        N/A       73%         4
 Airstrike                Air            1%         2d(1-17)  96%         4
 Summon Lightning Spire   Summ/Air       2%         N/A       96%         4
 Silence                  Hex/Air        1%         N/A       100%        5
 Summon Mana Viper        Hex/Summ       2%         N/A       100%        5
 Starburst                Conj/Fire      1%         6d3       100%        6
 Monstrous Menagerie      Summ           1%         N/A       100%        7
 Maxwell's Capacitive Co  Air            1%         ∞         100%        8


Dungeon Overview and Level Annotations

Branches:
Dungeon (7/15)             Temple (1/1) D:5          Bailey (1/1)

Altars:
Ashenzari
Cheibriados
Fedhas
Gozag
Hepliaklqana
Kikubaaqudgha
Makhleb
Nemelex Xobeh
Okawaru
Qazlal
Ru
Sif Muna
Trog
Uskayaw
Vehumet
Wu Jian
Xom
Yredelemnul

Shops:
D:1 [   D:3 *

Annotations:
D:3 1 runed translucent door, Crazy Yiuf


Innate Abilities, Weirdness & Mutations

You can wield a second weapon in your off-hand.
It takes a long time for you to wield or remove held weapons.
Your first few attacks do less damage.
You cannot equip rings or amulets.


Message History

The gargoyle misses you.
You barely miss the gargoyle with your +0 falchion.
The gargoyle is lightly damaged.
You hit the gargoyle but do no damage. The gargoyle hits you with a +0 mace.
It was a potion of attraction.
You feel attractive to monsters.
The gargoyle hurls a stone arrow at you.
The stone arrow misses you.
You barely miss the gargoyle with your +1 long sword.
The gargoyle is lightly damaged.
You hit the gargoyle with your +0 falchion.
The gargoyle hits you but does no damage.
Okay, then.
You hit the gargoyle with your +1 long sword.
The gargoyle is moderately damaged.
You barely miss the gargoyle with your +0 falchion.
The gargoyle completely misses you.
You barely miss the gargoyle with your +0 falchion.
The gargoyle is moderately damaged.
You closely miss the gargoyle with your +1 long sword.
The gargoyle hurls a stone arrow at you.
The stone arrow hits you!!
* * * LOW HITPOINT WARNING * * *
You are too injured to fight recklessly!
You hit the gargoyle with your +1 long sword.
The gargoyle is heavily damaged.
You hit the gargoyle but do no damage.
Okay, then.
You attract monsters toward you.
You're fully limbered up.
Your movement speed is average.
Your attack delay is about 0.8.
Your damage rating with your +0 falchion {Minoru} is about 12 (Base 8 x 120% (Dex) x 127% (Skill)).
Your damage rating with your +1 long sword {Isolde} is about 16 (Base 10 x 120% (Dex) x 127% (Skill) + 1 (Ench)).
Unknown command.
Unknown command.
You hit the gargoyle but do no damage.
The gargoyle is heavily damaged.
You hit the gargoyle but do no damage.
The gargoyle hurls a stone arrow at you.
The stone arrow hits you!!
You die...

### ###..+ .....#
#++######## .....#
#.....ß#ßß# .....#
#......#..#
..♣..######......#..#
♣...........##...#..#
.....♣.....##...@#..#
.....♣.....#...9##..#
..........##...##...#
......♣.♣..##......ß#
........♣...##....###
.........♣...#...##
.............#9.##
.............#..#
.............#.9+


You could see a gargoyle.

Vanquished Creatures
  Pikel (D:4)
  Jeremiah (D:6)
  Grinder (D:6)
  A sky beast (D:6)
  A black bear (D:5)
  3 ice beasts
  2 centaurs
  4 lemures (D:4)
  A phantom (D:6)
  A kobold brigand (D:4)
  A scorpion (D:3)
  3 bombardier beetles (D:6)
  2 jellies (D:3)
  A hound (D:5)
  4 orc priests (D:5)
  A sleepcap (D:5)
  An iguana (D:5)
  3 orc wizards
  4 gnolls
  9 adders
  A white imp (D:6)
  4 ufetubi
  5 dart slugs
  2 ribbon worms
  12 orcs
  8 endoplasms
  3 giant cockroaches (D:4)
  7 hobgoblins
  11 jackals
  7 kobolds
  2 quokkas
  4 ball pythons
  3 bats
  2 frilled lizards
  14 goblins
  11 orc zombies (Bailey)
  3 rats
144 creatures vanquished.

Notes
Turn   | Place    | Note
-------+----------+-------------------------------------------
     0 | D:1      | Ray the Coglin Warper began the quest for the Orb.
     0 | D:1      | Reached XP level 1. HP: 16/16 MP: 3/3
    22 | D:1      | Noticed an animated crystal plate armour
    26 | D:1      | Found Eton's Armour Boutique.
    30 | D:1      | Noticed an animated storm dragon scales
   261 | D:1      | Reached skill level 3 in Long Blades
   261 | D:1      | Reached XP level 2. HP: 13/22 MP: 4/4
   308 | D:1      | Learned a level 2 spell: Blink
   513 | D:1      | Reached XP level 3. HP: 17/27 MP: 5/5
  1043 | D:2      | Reached skill level 4 in Long Blades
  1271 | D:2      | Reached XP level 4. HP: 28/33 MP: 6/6
  1506 | D:3      | Found Mof Fulu's General Store.
  1603 | D:3      | Bought a scroll of teleportation for 36 gold pieces
  1603 | D:3      | Bought a +0 pair of boots for 54 gold pieces
  1844 | D:3      | Reached XP level 5. HP: 38/38 MP: 7/7
  1870 | D:3      | Reached skill level 5 in Long Blades
  1870 | D:3      | Reached skill level 1 in Evocations
  1914 | D:3      | Learned a level 2 spell: Lesser Beckoning
  2020 | D:3      | Found a broken altar of Ashenzari.
  2279 | D:3      | Reached XP level 6. HP: 36/44 MP: 8/8
  2416 | D:3      | Reached skill level 6 in Long Blades
  2504 | D:3      | Learned a level 4 spell: Manifold Assault
  2678 | D:3      | Found a runed translucent door.
  2679 | D:3      | Noticed Crazy Yiuf
  3041 | D:4      | Noticed Pikel
  3063 | D:4      | Killed Pikel
  3064 | D:4      | Reached skill level 8 in Long Blades
  3064 | D:4      | Reached XP level 7. HP: 8/50 MP: 5/9
  3464 | D:4      | Reached XP level 8. HP: 43/56 MP: 10/10
  3592 | D:5      | Entered Level 5 of the Dungeon
  3700 | D:5      | Found a staircase to the Ecumenical Temple.
  3803 | Temple   | Entered the Ecumenical Temple
  4032 | D:5      | Reached skill level 9 in Long Blades
  4374 | D:5      | Reached skill level 10 in Long Blades
  4993 | D:6      | Noticed Jeremiah
  5170 | D:6      | Killed Jeremiah
  5171 | D:6      | Reached XP level 9. HP: 54/62 MP: 11/13
  5515 | D:6      | Found a basalt altar of Yredelemnul.
  5515 | D:6      | Found a snail-covered altar of Cheibriados.
  5516 | D:6      | Found a shimmering altar of Xom.
  5598 | D:6      | Found a sparkling altar of Nemelex Xobeh.
  5600 | D:6      | Found a radiant altar of Vehumet.
  5739 | D:6      | Got the Handbook of Malisons and Electrocution
  5776 | D:6      | Noticed Grinder
  5778 | D:6      | Paralysed by Grinder for 3 turns
  5790 | D:6      | Paralysed by Grinder for 4 turns
  5804 | D:6      | Killed Grinder
  6154 | D:7      | Found a flagged portal.
  6167 | Bailey   | Entered a bailey
  6311 | Bailey   | Noticed a gargoyle
  6332 | Bailey   | Killed from afar by a gargoyle

Illustrated notes

Levels and vault maps discovered:
D:1:      eino_arrival_water_cross, layout_basic, serial_shops,
          nicolae_shop_mannequins, hangedman_abyss_or_decor_stabs,
          minmay_door_square, minmay_misc_feat_diagonals
D:2:      cheibrodos_helix_gallery, layout_loops_cross
D:3:      layout_loops_corners, nicolae_ashenzari_skybound, serial_shops, shop,
          minmay_misc_feat_hallway, minmay_misc_feat_tiny, uniq_robin,
          uniq_crazy_yiuf_cottage
D:4:      layout_rooms, serial_corexii_hall, corexii_hall_statues_s,
          corexii_hall_statues_x, corexii_hall_statues_i,
          minmay_misc_feat_roman, serial_bayou_pond_d, serial_park_tiny_2,
          uniq_pikel
D:5:      layout_loops_corners, minmay_temple_entry_ruins, serial_park_tiny_2
D:6:      layout_basic, nicolae_overflow_hidden_temple, uniq_grinder,
          uniq_jeremiah
D:7:      layout_loops_ring, dreamdust_divine_triumvirate, enter_bailey_5,
          nzn_ghost_randoct, minmay_ruined_shrine
Temple:   chequers_temple_sunken
Bailey:   bailey_polearm_vampire_castle_hellmonk, bailey

Skill      XL: |  1  2  3  4  5  6  7  8  9 |
---------------+----------------------------+-----
Long Blades    | 3 4 5 8 10 | 10.6
Evocations     | 2 4 |  4.0
Spellcasting   | 2 3 |  3.4
Dodging        | 2 |  2.7
Translocations | 4 |  4.7
Fighting       | 3 |  3.2
Throwing       | |  0.8
Armour         | |  0.8

Action                     |  1- 3 |  4- 6 |  7- 9 || total
---------------------------+-------+-------+-------++-------
  Melee: Falchion          |    86 |   136 |   168 ||   390
         Dagger            |    17 |       |       ||    17
         Short sword       |    61 |    10 |       ||    71
         Long sword        |       |   130 |   172 ||   302
  Throw: Dart              |       |       |    16 ||    16
   Cast: Blink             |       |     3 |       ||     3
         Lesser Beckoning  |       |       |     3 ||     3
  Evoke: Wand              |       |     7 |    15 ||    22
    Use: Potion            |     2 |     6 |     2 ||    10
         Scroll            |     4 |     2 |     9 ||    15
   Stab: Sleeping          |       |     1 |     2 ||     3
         Invisible         |       |     1 |       ||     1
 Armour: Leather armour    |    51 |    78 |   111 ||   240
  Dodge: Dodged            |    62 |    81 |    92 ||   235

Table legend: (Time is in decaauts)
 A = Elapsed time spent in this place.
 B = Non-inter-level travel time spent in this place.
 C = Inter-level travel time spent in this place.
 D = Time resting spent in this place.
 E = Time spent auto-exploring this place.
 F = Levels seen in this place.
 G = Mean time per level.
                   A        B        C        D        E       F      G
               +--------+--------+--------+--------+--------+-----+--------+
         Total |   6320 |   6100 |    220 |   1764 |   3274 |   9 |  702.2 |
       Dungeon |   6161 |   5942 |    219 |   1709 |   3243 |   7 |  880.1 |
        Temple |      1 |      1 |      0 |      0 |      0 |   1 |    1.0 |
        Bailey |    157 |    157 |      0 |     55 |     31 |   1 |  157.0 |
               +--------+--------+--------+--------+--------+-----+--------+

Top non-repeatable levels by time:
     D:5: 1376 daAuts
     D:3: 1235 daAuts
     D:6: 1136 daAuts
     D:2: 829 daAuts
     D:4: 812 daAuts
     D:1: 726 daAuts
  Bailey: 157 daAuts
     D:7: 45 daAuts
  Temple: 1 daAuts
